 Dungeon Sprint DCSS version 0.29-a0-1043-g569b05d6ff (webtiles) character file.

Game seed: 4402938139239344832

403 Zeldest the Fanfare of Bloodshed (level 6, -1/53 HPs)
             Began as a Demonspawn Monk on Aug 15, 2022.
             Was a Believer of Makhleb.
             Slain by a troll (12 damage)
             ... in the Dungeon (Sprint IX: "|||||||||||||||||||||||||||||").
             The game lasted 00:01:25 (128 turns).

Zeldest the Fanfare of Bloodshed (Demonspawn Monk)   Turns: 128, Time: 00:01:26

Health: -1/53      AC: 13    Str: 13    XL:     6   Next: 55%
Magic:  5/12       EV: 13    Int: 15    God:    Makhleb [**....]
Gold:   0          SH:  0    Dex: 15    Spells: 5/5 levels left

rFire   . . .      SeeInvis .     - Unarmed
rCold   . . .      Faith    .   (no shield)
rNeg    . . .      Spirit   .   m - +1 scale mail
rPois   .          Reflect  .   k - +0 helmet
rElec   .          Harm     .   (no cloak)
rCorr   .          Rampage  .   l - +0 pair of gloves
Will    .....      NoTele   +   (no boots)
Stlth   +.........              (no amulet)
HPRegen 0.17/turn               n - +2 ring of evasion
MPRegen 0.13/turn               o - +3 ring of intelligence

@: no status effects
A: yellow scales 2, demonic touch 2
a: Renounce Religion, Minor Destruction


You were in the Dungeon.
You worshipped Makhleb.
Makhleb was pleased with you.
You visited 1 branch

Inventory:

Hand Weapons
 j - a +2 scimitar of flaming
Armour
 a - a +0 robe
 k - a +0 helmet (worn)
 l - a +0 pair of gloves (worn)
 m - a +1 scale mail (worn)
Jewellery
 n - a +2 ring of evasion (left hand)
 o - a +3 ring of intelligence (right hand)
Wands
 i - a wand of light (4)
Scrolls
 g - 2 scrolls of amnesia
 h - 2 scrolls of blinking
Potions
 b - a potion of ambrosia
 c - 5 potions of curing
 d - 3 potions of heal wounds
 f - 4 potions of magic


   Skills:
 + Level 6.3 Fighting
 + Level 3.9 Armour
 + Level 5.9 Dodging
 - Level 3.5 Stealth
 * Level 7.8 Unarmed Combat
 * Level 8.4 Invocations


You had 5 spell levels left.
You didn't know any spells.
Your spell library was empty.

Dungeon Overview and Level Annotations

Branches:
Dungeon (1/1)

Altars:
Cheibriados
Dithmenos
Fedhas
Gozag
Hepliaklqana
Kikubaaqudgha
Makhleb
Nemelex Xobeh
Okawaru
Qazlal
Ru
Sif Muna
Trog
Uskayaw
Vehumet
Wu Jian
Xom
Yredelemnul
Jiyva
Lugonu


Innate Abilities, Weirdness & Mutations

You are mostly covered in yellow scales. (AC +3)
Your touch may inflict irresistible damage on your foes.


Message History

Aim: a troll (heavily wounded, unable to see you, 71% to hit)
The bolt of light hits the troll!
The troll is severely wounded.
The troll is blinded.
The bolt of light hits the yak!
The yak is moderately wounded.
The yak is blinded.
The troll barely misses you. The troll claws you. x2
* * * LOW HITPOINT WARNING * * *
Aiming: Bolt of Light
Press: ? - help, Shift-Dir - straight line, f/p - troll
Aim: a troll (severely wounded, blind, 71% to hit)
The bolt of light misses the troll.
The bolt of light hits the yak!
The yak is heavily wounded.
You flicker back into view.
Aiming: Bolt of Light
Press: ? - help, Shift-Dir - straight line, f/p - troll
Aim: a troll (severely wounded, blind, 71% to hit)
The bolt of light hits the troll!
The troll is almost dead.
The bolt of light hits the yak!
The yak is almost dead.
You barely miss the troll.
The troll is almost dead.
The troll barely misses you. The troll claws you but does no damage.
The troll closely misses you. The troll misses you.
The troll closely misses you. The troll barely misses you.
You hit the troll but do no damage.
The troll is severely wounded.
You feel yourself speed up. The troll barely misses you.
The troll claws you but does no damage. The troll barely misses you.
You barely miss the troll. Your touch misses the troll.
The troll is severely wounded.
The yak bellows!
The troll barely misses you. The troll claws you.
* * * LOW HITPOINT WARNING * * *
The troll closely misses you.
You closely miss the troll.
The troll is severely wounded.
The troll bites you!
You die... ▓▓▓▓▓▓▓▓▓▓▓▓▓▓▓▓▓▓▓▓▓▓▓▓ _______'..).....@TY.†).. ▓▓▓▓▓▓▓▓▓▓▓▓▓▓▓▓▓▓▓▓▓▓▓▓

You could see a yak (wandering, blind) and a troll (blind).

Vanquished Creatures
  A wraith (D)
  A centaur (D)
  A kobold brigand (D)
  A hound (D)
  A gnoll (D)
  An ufetubus (D)
  An orc (D)
  A hobgoblin (D)
  A quokka (D)
  2 ball pythons (D)
  2 kobolds (D)
13 creatures vanquished.

Vanquished Creatures (others)
  A yak (D)
1 creature vanquished.

Grand Total: 14 creatures vanquished

Notes
Turn   | Place    | Note
-------+----------+-------------------------------------------
     0 | D        | Zeldest the Demonspawn Monk began the quest for the Orb.
     0 | D        | Reached XP level 1. HP: 18/18 MP: 1/1
    23 | D        | Noticed a hound
    31 | D        | Gained mutation: You are partially covered in yellow
                  | scales. (AC +2) [demonic ancestry]
    31 | D        | Reached XP level 2. HP: 21/24 MP: 2/2
    39 | D        | Gained mutation: Your touch may inflict minor irresistible
                  | damage on your foes. [demonic ancestry]
    39 | D        | Reached XP level 3. HP: 27/31 MP: 3/3
    43 | D        | Found a snail-covered altar of Cheibriados.
    43 | D        | Found a shadowy altar of Dithmenos.
    43 | D        | Found a blossoming altar of Fedhas.
    43 | D        | Found an opulent altar of Gozag.
    44 | D        | Found a hazy altar of Hepliaklqana.
    45 | D        | Found a viscous altar of Jiyva.
    46 | D        | Found an ancient bone altar of Kikubaaqudgha.
    47 | D        | Found a corrupted altar of Lugonu.
    48 | D        | Found a burning altar of Makhleb.
    49 | D        | Found a sparkling altar of Nemelex Xobeh.
    50 | D        | Found an iron altar of Okawaru.
    51 | D        | Found a stormy altar of Qazlal.
    52 | D        | Found a sacrificial altar of Ru.
    53 | D        | Found a shimmering blue altar of Sif Muna.
    54 | D        | Found a bloodstained altar of Trog.
    55 | D        | Found a hide-covered altar of Uskayaw.
    56 | D        | Became a worshipper of Makhleb the Destroyer
    56 | D        | Reached * piety under Makhleb
    56 | D        | Reached ** piety under Makhleb
    57 | D        | Found a radiant altar of Vehumet.
    58 | D        | Found an ornate altar of the Wu Jian Council.
    59 | D        | Found a shimmering altar of Xom.
    60 | D        | Found a basalt altar of Yredelemnul.
   110 | D        | Noticed a wraith
   110 | D        | Noticed a kobold brigand
   110 | D        | Noticed a yak
   110 | D        | Noticed a centaur
   110 | D        | Noticed a troll
   110 | D        | Noticed a yak
   112 | D        | Killed a kobold brigand
   112 | D        | Killed a yak
   113 | D        | Reached skill level 5 in Fighting
   113 | D        | Reached skill level 5 in Dodging
   113 | D        | Reached skill level 5 in Invocations
   113 | D        | Reached XP level 4. HP: 33/39 MP: 3/8
   113 | D        | Gained mutation: You are mostly covered in yellow scales.
                  | (AC +3) [demonic ancestry]
   113 | D        | Reached XP level 5. HP: 37/44 MP: 3/9
   113 | D        | Killed a centaur
   114 | D        | Reached skill level 6 in Invocations
   114 | D        | Gained mutation: Your touch may inflict irresistible damage
                  | on your foes. [demonic ancestry]
   114 | D        | Reached XP level 6. HP: 47/52 MP: 3/11
   117 | D        | Killed a wraith
   118 | D        | Reached skill level 8 in Invocations
   128 | D        | Slain by a troll

Illustrated notes

Levels and vault maps discovered:
D:        linesprint [early_d, line_temple, items_1, d_10, items_2, lair_1,
          lair_end, items_3, orc_1, orc_end, items_4, d_15, swamp_1, shoals_1,
          snake_1, spider_1, d_20, vaults_1, items_5, swamp_end, shoals_end,
          snake_end, spider_end, vaults_end, d_27, items_6, zot_1, zot_end,
          crypt_end, forest_end, elf_end, slime_end, tomb_end, abyss_end,
          pan_hell_end]

Skill      XL: |  1  2  3  4  5  6 |
---------------+-------------------+-----
Stealth        | 2 3 |  3.5
Unarmed Combat | 3 4 6 7 |  7.8
Dodging        | 3 5 |  5.9
Fighting       | 4 5 6 |  6.3
Armour         | 2 3 |  3.9
Invocations    | 5 6 8 |  8.4

Action                   |  1- 3 |  4- 6 || total
-------------------------+-------+-------++-------
Melee: Unarmed           |    24 |    12 ||    36
       Touch             |       |     2 ||     2
Evoke: Wand              |     2 |     4 ||     6
  Use: Potion            |     3 |       ||     3
 Stab: Invisible         |       |     3 ||     3
Armor: Robe              |     4 |       ||     4
       Scale mail        |       |     7 ||     7
Dodge: Dodged            |    12 |    20 ||    32

Table legend: (Time is in decaauts)
 A = Elapsed time spent in this place.
 B = Non-inter-level travel time spent in this place.
 C = Inter-level travel time spent in this place.
 D = Time resting spent in this place.
 E = Time spent auto-exploring this place.
 F = Levels seen in this place.
 G = Mean time per level.
                   A        B        C        D        E       F      G
               +--------+--------+--------+--------+--------+-----+--------+
         Total |    126 |    126 |      0 |      0 |      0 |   1 |  126.0 |
       Dungeon |    126 |    126 |      0 |      0 |      0 |   1 |  126.0 |
               +--------+--------+--------+--------+--------+-----+--------+

Top non-repeatable levels by time:
       D: 126 daAuts
